Cogmind - Beta 16 @@@ ROGUE MODE // 2026.01.28 @ 12:20:44 Player: Anting Result: Destroyed by G-47 Trooper with Particle Gun Performance ------------- Evolutions (3) 1500 Regions Visited (9) 1800 Robots Destroyed (88) 440 Value Destroyed (4467) 4467 Prototype IDs (6) 120 Alien Tech Used (0) 0 Bonus (1178) 1178 TOTAL SCORE: 9505 Bonus ------- High Alert Combat Kills 825 Follower Combat Kills 153 Entered Garrisons 200 Cogmind --------- Core Integrity 0/700 Matter 145/300 Energy 99/100 System Corruption 41% Temperature Cool (18) Movement Core (50) Location -7/Factory Parts ------- > --- POWER (1) -------- (None) > --- PROPULSION (4) --- (None) > --- UTILITY (4) ------ (None) > --- WEAPON (4) ------- (None) > --- INVENTORY (5) ---- Advanced Treads Armored Huge Wheel Improved Heat Sink Peak State ------------ > --- POWER ------------ Deuterium Engine > --- PROPULSION ------- Light Treads Armored Treads Advanced Treads Advanced Treads > --- UTILITY ---------- High-capacity Storage Unit Experimental Sensor Array Improved Signal Interpreter Hacking Suite > --- WEAPON ----------- Heavy EM Shotgun Plasma Rifle Plasma Rifle Heavy Ion Cannon > --- INVENTORY -------- Light Treads Advanced Treads Advanced Treads Advanced Treads Advanced Treads Armored Huge Wheel Improved Heat Sink Improved Heat Sink High-capacity Matter Pod Hardened Medium Armor Plating Hardlight Generator Improved Shield Generator Improved Trap Extractor Plasma Rifle Flak Gun Rocket Launcher Datajack Great Maul [Rating: 52] Favorites ----------- Power Deuterium Engine Engine Deuterium Engine Propulsion Light Treads Treads Light Treads Leg Aluminum Leg Hover Unit Aerolev Unit Utility Improved Heat Sink Device Improved Heat Sink Storage High-capacity Storage Unit Processor Improved Targeting Computer Hackware Hacking Suite Protection Hardened Medium Armor Plating Weapon Heavy EM Shotgun Energy Gun Heavy EM Shotgun Energy Cannon Heavy Ion Cannon Ballistic Gun Light Assault Rifle Launcher Grenade Launcher Impact Weapon Great Maul Special Melee Weapon Datajack Build | -11 -10 -10 -10 -9 -8 -8 -7 -7 -7 ------- Run | Yrd Mat Min Exi Min Mat Gar Fac Was Fac Slots Evolved 6 | . . . . . 4 . 2 . . Power . | . . . . . . . . . . Propulsion 2 | . . . . . 1 . 1 . . Utility 2 | . . . . . 1 . 1 . . Weapon 2 | . . . . . 2 . . . . Parts Attached 64 | 7 2 4 . 6 15 9 19 2 . Power 7 | 1 . 1 . 2 1 . 2 . . Engine 7 | 1 . 1 . 2 1 . 2 . . Core . | . . . . . . . . . . Reactor . | . . . . . . . . . . Propulsion 19 | 2 . 1 . 2 3 4 7 . . Treads 13 | . . . . . 3 4 6 . . Leg 5 | 2 . 1 . 2 . . . . . Wheel . | . . . . . . . . . . Hover 1 | . . . . . . . 1 . . Flight . | . . . . . . . . . . Utility 16 | 2 1 1 . 1 4 1 6 . . Device 8 | 1 . 1 . 1 2 1 2 . . Storage 3 | 1 1 . . . 1 . . . . Processor 2 | . . . . . 1 . 1 . . Hackware 2 | . . . . . . . 2 . . Protection 1 | . . . . . . . 1 . . Artifact . | . . . . . . . . . . Weapon 22 | 2 1 1 . 1 7 4 4 2 . Energy Gun 9 | . . . . . 6 1 2 . . Energy Cannon 2 | . . . . . . . 1 1 . Ballistic Gun 7 | 2 . 1 . 1 1 1 1 . . Ballistic Cannon . | . . . . . . . . . . Launcher 2 | . 1 . . . . 1 . . . Special Weapon . | . . . . . . . . . . Impact Weapon 1 | . . . . . . 1 . . . Slashing Weapon . | . . . . . . . . . . Piercing Weapon . | . . . . . . . . . . Special Melee Weapon 1 | . . . . . . . . 1 . Unidentified Prototypes 4 | . . . . . 1 . 2 1 . Corrupted Parts 2 | . . . . . . 1 . 1 . System Corruption 14 | . . . . . . 7 . 7 . Parts Lost 27 | . . 2 . 1 3 3 10 7 1 Power 3 | . . . . 1 . . 1 1 . Propulsion 4 | . . . . . . 1 1 2 . Utility 5 | . . 1 . . 1 . 1 2 . Weapon 15 | . . 1 . . 2 2 7 2 1 Highest Loss Streak 7 | . . 2 . 1 2 2 7 6 1 To Critical Strikes 3 | . . . . . . . 1 2 . Average Backups 14 | 2 6 10 14 14 17 19 18 9 3 Power 1 | . 1 1 2 1 1 1 . . . Propulsion 4 | 1 2 2 2 2 5 7 5 3 2 Utility 4 | . 1 2 5 6 7 6 6 3 1 Weapon 3 | . 2 3 5 5 3 4 4 1 . Tool/Special . | . . . . . . . . . . Unused Backups 22 | . 1 . . 1 5 2 2 9 2 Power 2 | . 1 . . . 1 . . . . Propulsion 7 | . . . . . . . 2 3 2 Utility 6 | . . . . . 1 1 . 4 . Weapon 7 | . . . . 1 3 1 . 2 . Tool/Special . | . . . . . . . . . . Average Slot Usage (%) 93 | . 100 98 100 100 97 99 94 38 5 Engine 10 | . 14 14 14 14 9 9 6 3 . Treads 12 | . . . . . 23 27 28 10 . Leg 13 | . 28 28 28 28 2 . . . . Device 10 | . 14 12 14 14 8 9 8 2 . Storage 10 | . 14 14 14 14 9 9 7 3 . Processor 4 | . . . . . 8 9 10 4 . Energy Gun 9 | . . . . . 19 23 13 . . Ballistic Gun 16 | . 25 25 28 28 15 6 7 . . Impact Weapon 1 | . . . . . . 5 1 . . Peak Build Rating 52 | 7 7 9 9 11 30 32 52 33 2 Average Rating 18 | 4 7 7 9 9 24 30 39 16 1 On Entrance 14 | . 7 7 9 9 11 30 32 33 2 Avg Prop Armor Cover (%) 3 | . . . . . . . 3 5 . Naked Turns 149 | . . . . . . . . 38 111 Heaviest Build 71 | 13 30 30 27 31 64 66 71 58 1 Greatest Support 86 | 20 20 20 20 20 60 60 86 62 3 Greatest Overweight (x) 3 | 2 1 1 1 1 1 1 1 3 . Average Overweight (x) . | . . 1 1 1 . 1 . . . Largest Inventory Capacity 20 | 8 15 15 15 15 20 20 20 20 5 Average Capacity 16 | 7 11 15 15 15 18 20 20 11 5 Most Carried 20 | 4 8 14 15 15 20 20 20 19 4 Average Carried 14 | 3 6 10 14 14 17 19 18 10 4 Final Capacity 20 | 8 15 15 15 15 20 20 20 5 5 Final Carried 20 | 4 8 14 15 15 20 20 19 4 4 Class Distribution -------------------- 46% | Mutant 33% | Gunner 10% | Scavenger-Mutant 6% | Scavenger-Gunner Dominant Class ---------------- Mutant | -10/Materials Mutant | -10/Mines Mutant | -10/Exiles Scavenger-Mutant | -9/Mines Gunner | -8/Materials Gunner | -8/Garrison Gunner | -7/Factory Mutant | -7/Waste Mutant | -7/Factory Resources | -11 -10 -10 -10 -9 -8 -8 -7 -7 -7 ----------- Run | Yrd Mat Min Exi Min Mat Gar Fac Was Fac Matter Collected 1923 | 285 148 206 . 107 400 474 303 . . Remotely . | . . . . . . . . . . Salvage Created 3963 | 88 335 298 . 132 813 1460 837 . . Parts 179 | 8 15 18 . 8 40 64 26 . . Haulers Intercepted 5 | . 2 . . . 2 . 1 . . Recyclers Shooed 2 | . . . . 2 . . . . . Parts Field Recycled . | . . . . . . . . . . Retrieved Matter . | . . . . . . . . . . Parts Self-Destructed . | . . . . . . . . . . Prevented . | . . . . . . . . . . Parts Restored . | . . . . . . . . . . Kills | -11 -10 -10 -10 -9 -8 -8 -7 -7 -7 ------- Run | Yrd Mat Min Exi Min Mat Gar Fac Was Fac Combat Hostiles Destroyed 73 | . 6 8 . 3 13 30 13 . . Guns 59 | . 3 7 . 3 10 24 12 . . AOE 12 | . 3 1 . . 2 5 1 . . Classes Destroyed 13 | 2 5 1 . . 1 1 3 . . Worker 2 | . 2 . . . . . . . . Tunneler 2 | 1 . 1 . . . . . . . Hauler 5 | . 2 . . . 2 . 1 . . Recycler 4 | 1 1 . . . 1 . 1 . . Operator 1 | . . . . . . . 1 . . Watcher 3 | . 1 . . . 2 . . . . Swarmer 9 | . 3 . . . 2 4 . . . Grunt 44 | . 3 6 . 3 7 19 6 . . Brawler 4 | . . . . . . 2 2 . . Duelist 1 | . . . . . . . 1 . . Sentry 10 | . . . . . 4 5 1 . . Programmer 3 | . . . . . . . 3 . . Assembled 2 | . . 2 . . . . . . . Best Kill Streak 10 | 2 3 4 . 3 4 10 7 . . Combat Bots Only 10 | . 3 3 . 3 3 10 7 . . Max Kills in Single Turn 3 | 1 2 1 . 1 2 3 2 . . Gunslinging 1 | . . . . . . 1 1 . . Exploded 3 | . 2 1 . . 2 3 1 . . Melee . | . . . . . . . . . . Uniques/NPCs Destroyed . | . . . . . . . . . . Combat | -11 -10 -10 -10 -9 -8 -8 -7 -7 -7 -------- Run | Yrd Mat Min Exi Min Mat Gar Fac Was Fac Hostile Shots Fired 373 | . 27 34 . 15 45 72 119 7 54 Missed 119 | . 13 7 . 2 15 20 32 2 28 Hits 254 | . 14 27 . 13 30 52 87 5 26 Melee 21 | . . . . . . . 16 5 . Projectile 233 | . 14 27 . 13 30 52 71 . 26 AOE 1 | . . . . . . . 1 . . Critical Strikes 17 | . . 1 . . 1 1 10 4 . Part Disruptions 3 | . . 2 . . . . 1 . . Damage Taken 4326 | . 140 335 . 186 442 944 1747 233 299 Core 958 | . 11 122 . 31 . 83 260 166 285 Absorbed by Shields 13 | . . . . . . 13 . . . Core Remaining (%) 72 | 100 . . . 34 . 84 . . . Volleys Fired 234 | 10 49 34 . 13 33 47 48 . . Largest 4 | 2 2 2 . 2 4 4 4 . . Hottest 215 | 40 40 40 . 40 170 170 215 . . Shots Fired 588 | 20 94 66 . 26 123 146 113 . . Gun 557 | 20 90 64 . 26 122 139 96 . . Cannon 17 | . . . . . . . 17 . . Launcher 14 | . 4 2 . . 1 7 . . . Special . | . . . . . . . . . . Kinetic 355 | 20 90 64 . 26 73 38 44 . . Thermal 101 | . . . . . 45 . 56 . . Explosive 14 | . 4 2 . . 1 7 . . . Electromagnetic 118 | . . . . . 4 101 13 . . Robot Hit Streak 13 | 2 5 5 . 10 10 13 9 . . Robot Miss Streak 10 | 2 7 10 . 3 3 7 4 . . Penetration Max . | . . . . . . . . . . Secondary Targets 13 | . 1 . . . . 10 2 . . Max Gunslinging Chain 1 | . 1 . . . . 1 1 . . Shots Hit Robots 384 | 9 48 36 . 19 79 108 79 1 5 Core Hits 198 | 5 22 21 . 8 37 68 37 . . Critical Kills 3 | . . . . . 1 . 2 . . Critical Parts Destroyed 1 | . 1 . . . . . . . . Critical Strikes 9 | . 1 . . . 4 . 4 . . Burn 5 | . . . . . 3 . 2 . . Destroy 4 | . 1 . . . 1 . 2 . . Melee Attacks 31 | . . . . . . 22 3 1 5 Impact 25 | . . . . . . 22 3 . . Slashing . | . . . . . . . . . . Piercing . | . . . . . . . . . . Sneak Attacks 6 | . . . . . . . 1 . 5 Combat Hostiles . | . . . . . . . . . . Follow-up Attacks . | . . . . . . . . . . Damage Inflicted 7463 | 92 593 538 . 208 1310 2559 2125 13 25 Guns 5644 | 88 407 406 . 199 1137 2010 1397 . . Cannons 298 | . . . . . . . 298 . . Explosions 1296 | . 181 116 . . 150 549 300 . . Melee 78 | . . . . . . . 78 . . Ramming 147 | 4 5 16 . 9 23 . 52 13 25 Kinetic 2715 | 88 407 406 . 199 668 357 590 . . Thermal 1786 | . . . . . 419 338 1029 . . Explosive 658 | . 181 116 . . 150 211 . . . Electromagnetic 2079 | . . . . . 50 1653 376 . . Impact 78 | . . . . . . . 78 . . Slashing . | . . . . . . . . . . Piercing . | . . . . . . . . . . Highest Corruption 41 | . . . . . . 7 19 41 41 Average Corruption 13 | . . . . . . 7 14 30 41 Corruption Purged . | . . . . . . . . . . Corruption Blocked . | . . . . . . . . . . Effects 124 | . . . . . . 56 31 13 24 Message Errors 23 | . . . . . . 17 4 1 1 Matter Fused 27 | . . . . . . 13 9 1 4 Heat Flow Errors 14 | . . . . . . 8 2 1 3 Energy Discharges 13 | . . . . . . 5 2 1 5 Parts Rejected 1 | . . . . . . . 1 . . Data Loss (minor) 19 | . . . . . . 12 . 2 5 Data Loss (major) 3 | . . . . . . 1 1 1 . Misfires 2 | . . . . . . . 2 . . Alerts 1 | . . . . . . . . 1 . Misdirections 14 | . . . . . . . 3 5 6 Weapon Failures 7 | . . . . . . . 7 . . Overload Shots . | . . . . . . . . . . Overflow Damage 143 | . 1 . . . 30 . 112 . . Projectiles 15 | . . . . . . . 15 . . Explosions 75 | . 1 . . . 30 . 44 . . Melee 53 | . . . . . . . 53 . . Knockbacks 3 | . . 1 . . . . 2 . . Impact 3 | . . 1 . . . . 2 . . Kinetic . | . . . . . . . . . . Secondary . | . . . . . . . . . . Self-Inflicted Damage 202 | . . . . . . 103 81 6 12 Shots 5 | . . . . . . 3 2 . . Rammed 12 | . . . . . 3 . 5 1 3 Targets Rammed 26 | 1 2 7 . 4 3 . 5 1 3 Kicked 14 | 1 2 7 . 4 . . . . . Crushed . | . . . . . . . . . . Highest Temperature 522 | . 24 90 . . 177 239 522 152 221 Average Temperature 88 | . 9 30 . . 44 78 169 80 105 Received Heat Transfer 1855 | . 60 394 . 105 243 405 519 . 129 Effects 6 | . . . . . . . 6 . . Shutdowns 2 | . . . . . . . 2 . . Damage (minor) 1 | . . . . . . . 1 . . Damage (major) 3 | . . . . . . . 3 . . Siege Activations . | . . . . . . . . . . Martial Activations . | . . . . . . . . . . Shielding Activations . | . . . . . . . . . . Robots Disrupted . | . . . . . . . . . . Combat Hostiles . | . . . . . . . . . . Robots Corrupted 2 | . . . . . . 1 1 . . Combat Hostiles 1 | . . . . . . 1 . . . Parts Fried 13 | . . . . . . 9 4 . . Impact Corruptions 1 | . . . . . . . 1 . . Robots Melted 1 | . . . . . 1 . . . . Combat Hostiles 1 | . . . . . 1 . . . . Parts Melted 4 | . . . . . . . 4 . . Heat Transferred 3578 | . . . . . 1258 350 1970 . . Parts Sabotaged . | . . . . . . . . . . Parts Stolen . | . . . . . . . . . . Parts Stripped . | . . . . . . . . . . Power Chain Reactions 7 | . . . . . . 5 2 . . Alert | -11 -10 -10 -10 -9 -8 -8 -7 -7 -7 ------- Run | Yrd Mat Min Exi Min Mat Gar Fac Was Fac Maximum Alert Level 5 | . . . . . 1 5 3 1 . Low Security (%) 55 | 100 100 100 . 100 41 3 . 43 100 Level 1 8 | . . . . . 58 7 . 56 . Level 2 6 | . . . . . . 25 . . . Level 3 19 | . . . . . . 27 99 . . Level 4 8 | . . . . . . 31 . . . Level 5 1 | . . . . . . 3 . . . High Security . | . . . . . . . . . . Max Security . | . . . . . . . . . . Peak Influence 1662 | 5 85 65 . 60 295 1662 872 270 176 Initial 872 | . . 21 . . . 130 872 270 91 Average 372 | . 19 7 . 3 208 921 786 205 78 Influence Increases 3496 | 10 261 147 . 70 565 1722 436 . 285 Destroy 0b10 Robot/C 1560 | . 120 120 . 60 360 640 260 . . Destroy 0b10 Robot/NC 85 | 10 30 5 . . 25 . 15 . . Destroy Leader 246 | . 26 10 . 10 108 20 72 . . Allied During Kill 27 | . . . . . 12 15 . . . Successful Hack 75 | . 7 . . . 16 52 . . . Select Force Hacks 60 | . 60 . . . . . . . . Disable Machine 60 | . . . . . 15 15 30 . . Anti-Garrison Action 750 | . . . . . . 750 . . . Destroy Structure 213 | . 18 12 . . 14 155 14 . . Partial Spotted 15 | . . . . . . . 15 . . Lose Combat Pursuer 405 | . . . . . 15 75 30 . 285 Influence Decreases 3320 | 10 205 203 . 70 364 261 1324 644 239 Entered New Map 1439 | . . 35 . . . 71 790 504 39 Time Decay 1481 | 10 205 168 . 70 334 . 434 70 190 Lost Part 240 | . . . . . 30 30 100 70 10 Lost Ally 160 | . . . . . . 160 . . . Squads Dispatched 19 | . 4 . . . 4 . 10 . 1 Investigation 7 | . 4 . . . 1 . 2 . . Extermination 4 | . . . . . . . 3 . 1 Reinforcement 5 | . . . . . . . 5 . . Assault . | . . . . . . . . . . Garrison 3 | . . . . . 3 . . . . Intercept . | . . . . . . . . . . Searches Triggered . | . . . . . . . . . . Construction Impeded 2 | . . . . . . . 2 . . Haulers Reinforced . | . . . . . . . . . . Active Scanning Responses . | . . . . . . . . . . Cargo Convoy Interrupts . | . . . . . . . . . . Stealth | -11 -10 -10 -10 -9 -8 -8 -7 -7 -7 --------- Run | Yrd Mat Min Exi Min Mat Gar Fac Was Fac Distress Signals 6 | . 1 1 . . 3 . 1 . . Communications Jammed . | . . . . . . . . . . Distress Signals . | . . . . . . . . . . Times Spotted 121 | . 14 8 . 3 22 25 26 6 17 Peak Tracking Total 9 | . 3 2 . 3 6 6 4 6 9 Tactical Retreats 13 | . . 1 . . 1 2 2 1 6 Traps | -11 -10 -10 -10 -9 -8 -8 -7 -7 -7 ------- Run | Yrd Mat Min Exi Min Mat Gar Fac Was Fac Traps Triggered 13 | . 2 . . . 1 7 2 . 1 Indirectly . | . . . . . . . . . . Trap Hack Attempts . | . . . . . . . . . . Triggered . | . . . . . . . . . . Disarmed . | . . . . . . . . . . Reprogrammed . | . . . . . . . . . . Reused . | . . . . . . . . . . Traps Extracted . | . . . . . . . . . . Installed . | . . . . . . . . . . Triggered . | . . . . . . . . . . Machines | -11 -10 -10 -10 -9 -8 -8 -7 -7 -7 ---------- Run | Yrd Mat Min Exi Min Mat Gar Fac Was Fac Machines Disabled 13 | . . . . . 1 10 2 . . Max in Single Turn 1 | . . . . . 1 1 1 . . Garrison Relay 5 | . . . . . . 5 . . . Phase Generator 1 | . . . . . . 1 . . . Machines Repaired . | . . . . . . . . . . Machines Dismantled . | . . . . . . . . . . Machines Sabotaged . | . . . . . . . . . . Overloaded Fab Kills . | . . . . . . . . . . Hacking | -11 -10 -10 -10 -9 -8 -8 -7 -7 -7 --------- Run | Yrd Mat Min Exi Min Mat Gar Fac Was Fac Machines Accessed 14 | . 5 1 1 . 2 3 2 . . Terminals 9 | . 3 . . . 1 3 2 . . Fabricators . | . . . . . . . . . . Repair Stations . | . . . . . . . . . . Recycling Units 2 | . 2 . . . . . . . . Scanalyzers . | . . . . . . . . . . Garrison Access 1 | . . . . . 1 . . . . Total Hacks 25 | . 11 1 1 . 4 4 4 . . Successful 12 | . 3 1 1 . 3 4 . . . Failed 12 | . 7 . . . 1 . 4 . . Catastrophic 4 | . 2 . . . 1 . 1 . . Database Lockouts 1 | . 1 . . . . . . . . Manual 16 | . 12 . . . 2 1 1 . . Terminals 20 | . 9 . . . 3 4 4 . . Fabricators . | . . . . . . . . . . Repair Stations . | . . . . . . . . . . Recycling Units 2 | . 2 . . . . . . . . Scanalyzers . | . . . . . . . . . . Garrison Access 1 | . . . . . 1 . . . . Terminal Hacks 8 | . 1 1 1 . 2 3 . . . Record 1 | . . . 1 . . . . . . Part Schematic 2 | . 1 . . . 1 . . . . Prototype ID Bank 1 | . . . . . 1 . . . . Open Door 1 | . . 1 . . . . . . . Emergency Access Points 1 | . . . . . . 1 . . . Garrison Registry 1 | . . . . . . 1 . . . Patrol Navigation 1 | . . . . . . 1 . . . Fabricator Hacks . | . . . . . . . . . . Repair Station Hacks . | . . . . . . . . . . Recycling Unit Hacks . | . . . . . . . . . . Scanalyzer . | . . . . . . . . . . Garrison Access Hacks 1 | . . . . . 1 . . . . Unlock Access 1 | . . . . . 1 . . . . Unauthorized Hacks 3 | . 2 . . . . 1 . . . Terminals 1 | . . . . . . 1 . . . Botnet 1 | . . . . . . 1 . . . Fabricators . | . . . . . . . . . . Repair Stations . | . . . . . . . . . . Recycling Units 2 | . 2 . . . . . . . . Tunnel 2 | . 2 . . . . . . . . Scanalyzers . | . . . . . . . . . . Garrison Access . | . . . . . . . . . . Data Cores Recovered . | . . . . . . . . . . Used . | . . . . . . . . . . Hacking Detections 8 | . 3 . . . 1 2 2 . . Full Trace Events 1 | . . . . . . . 1 . . Feedback Events . | . . . . . . . . . . Feedback Blocked . | . . . . . . . . . . Robot Schematics Acquired . | . . . . . . . . . . Robots Built . | . . . . . . . . . . Authchips . | . . . . . . . . . . Time . | . . . . . . . . . . Total Robot Build Rating . | . . . . . . . . . . Part Schematics Acquired 2 | . 1 . . . 1 . . . . Parts Built . | . . . . . . . . . . Authchips . | . . . . . . . . . . Time . | . . . . . . . . . . Total Part Build Rating . | . . . . . . . . . . Part Studies Acquired . | . . . . . . . . . . Parts Repaired . | . . . . . . . . . . Time . | . . . . . . . . . . Parts Recycled . | . . . . . . . . . . Recycled Matter . | . . . . . . . . . . Retrieved Matter . | . . . . . . . . . . Retrieved Components . | . . . . . . . . . . Parts Scanalyzed . | . . . . . . . . . . Part Schematics Acquired . | . . . . . . . . . . Parts Damaged . | . . . . . . . . . . Bothacking | -11 -10 -10 -10 -9 -8 -8 -7 -7 -7 ------------ Run | Yrd Mat Min Exi Min Mat Gar Fac Was Fac Used RIF Installer . | . . . . . . . . . . Robots Hacked 3 | . . . . . . . . 1 2 Non-combat 2 | . . . . . . . . . 2 Combat 1 | . . . . . . . . 1 . Robot Hacks Applied 3 | . . . . . . . . 1 2 parse_system 1 | . . . . . . . . 1 . find_dsf 1 | . . . . . . . . . 1 find_recycling 1 | . . . . . . . . . 1 Relay Couplers Released 22 | . . . . . . 19 3 . . Machine Destruction 19 | . . . . . . 19 . . . Programmers 3 | . . . . . . . 3 . . Fabnet Peak Effective % . | . . . . . . . . . . Robots Rewired 9 | . . . . . . 9 . . . Allies Hacked . | . . . . . . . . . . Hacks Repelled . | . . . . . . . . . . Allies | -11 -10 -10 -10 -9 -8 -8 -7 -7 -7 -------- Run | Yrd Mat Min Exi Min Mat Gar Fac Was Fac Total Allies 10 | . . . . 1 . 9 . . . Largest Group 6 | . . . . 1 1 6 . . . Highest-Rated Group 45 | . . . . 31 31 45 . . . Highest-Rated Ally 31 | . . . . 31 31 15 . . . Initial Warlord ECA Mod 10 | . . . . . . . 10 10 10 Total Orders . | . . . . . . . . . . Ally Attacks 39 | . . . . . 10 29 . . . Total Damage 401 | . . . . . 171 230 . . . Kills 7 | . . . . . 5 2 . . . Allies Corrupted . | . . . . . . . . . . Allies Melted . | . . . . . . . . . . Intel | -11 -10 -10 -10 -9 -8 -8 -7 -7 -7 ------- Run | Yrd Mat Min Exi Min Mat Gar Fac Was Fac Active Infowar (turns) 4135 | 12 1406 1241 421 1006 49 . . . . Seismic 4135 | 12 1406 1241 421 1006 49 . . . . Robot Analysis Total . | . . . . . . . . . . Derelict Logs Recovered 3 | . . 2 . 1 . . . . . Drone Launches . | . . . . . . . . . . Drone Recoveries . | . . . . . . . . . . Exploration | -11 -10 -10 -10 -9 -8 -8 -7 -7 -7 ------------- Run | Yrd Mat Min Exi Min Mat Gar Fac Was Fac Turns Passed 9164 | 98 1406 1427 421 1096 775 2343 1067 146 385 Spaces Moved 4454 | 49 829 594 221 545 278 814 542 156 426 Core 544 | 13 . . . . . . . 105 426 Treads 1654 | . . . . . 247 814 542 51 . Legs 2256 | 36 829 594 221 545 31 . . . . Wheels . | . . . . . . . . . . Hover . | . . . . . . . . . . Flight . | . . . . . . . . . . Fastest Speed 50 | 50 120 190 190 190 160 240 148 50 50 Average Speed 170 | 116 152 190 190 190 193 240 156 89 50 Slowest Speed 240 | 190 190 190 190 190 240 240 237 232 50 Overloaded Moves . | . . . . . . . . . . Propulsion Burnouts . | . . . . . . . . . . Robots Hopped . | . . . . . . . . . . Potential Cave-ins . | . . . . . . . . . . Cave-ins Triggered . | . . . . . . . . . . Exploration Rate (%) 53 | 4 78 88 53 97 27 85 16 74 12 Regions Visited 9 Branch Regions 3 Pre-discovered Areas 3 | . 2 . 1 . . . . . . Known Exits Taken 2 | . . . 1 . 1 . . . . Unknown Exits Taken 4 | 1 1 1 . 1 . . . . . Scrap Searched 3 | . . 1 . 2 . . . . . Spaces Dug 20 | . . . . . 9 10 1 . . Terrain Destroyed 253 | . 19 14 . . 9 199 12 . . Melee 11 | . . . . . . 10 1 . . Projectile 3 | . . . . . . . 3 . . AOE 239 | . 19 14 . . 9 189 8 . . Terrain Rammed . | . . . . . . . . . . Walls Destroyed . | . . . . . . . . . . Machines Disabled . | . . . . . . . . . . Actions | -11 -10 -10 -10 -9 -8 -8 -7 -7 -7 --------- Run | Yrd Mat Min Exi Min Mat Gar Fac Was Fac Total 5500 | 70 895 824 223 580 434 1057 662 160 595 Wait 459 | . 7 176 . 3 69 38 20 . 146 Move 4447 | 48 828 593 220 544 278 813 542 155 426 Hop . | . . . . . . . . . . Pick Up 54 | 4 5 6 2 3 20 5 9 . . Fast Attach 19 | 7 . 1 . . 4 1 5 1 . Attach 23 | . . 1 . 1 8 2 10 1 . Detach 1 | . . . . . 1 . . . . Swap 44 | . 2 5 . 6 5 16 10 . . Drop 40 | . 2 1 1 6 13 7 10 . . Fire 234 | 10 49 34 . 13 33 47 48 . . Melee 31 | . . . . . . 22 3 1 5 Ram 5 | . . . . . . . . 2 3 Kick 14 | 1 2 7 . 4 . . . . . Crush 8 | . . . . . 3 . 5 . . Escape Stasis 28 | . . . . . . 13 . . 15 Rewire 93 | . . . . . . 93 . . . Trap . | . . . . . . . . . . Miscellaneous . | . . . . . . . . . . Route ------- -11/Scrapyard -10/Materials (discovered 4 exits: [*Mat x2] / *Min x2) -10/Mines (discovered 4 exits: [*Mat x2] / *Exi / [*Sub]) -10/Exiles (discovered 2 exits: *Min x2) -9/Mines (discovered 2 exits: *Mat x2) -8/Materials (discovered 2 exits: *Fac / Gar) -8/Garrison (discovered 3 exits: *Fac x3) -7/Factory -7/Waste -7/Factory History --------- Turn | Location | Event 15 | -11/Scrapyard | Discovered new exit (range 15) 99 | -11/Scrapyard | Entered Materials 177 | -10/Materials | Met 8R-AWN 231 | -10/Materials | Discovered new exit (range 14) 304 | -10/Materials | Discovered new exit (range 4) 317 | -10/Materials | Build established: Mutant 579 | -10/Materials | Discovered new exit (range 12) 953 | -10/Materials | Central database locked down 1080 | -10/Materials | Discovered new exit (range 16) 1505 | -10/Materials | Entered Mines 1507 | -10/Mines | Followed 8R-AWN into the Mines 1593 | -10/Mines | Discovered new exit (range 5) 1618 | -10/Mines | Discovered new exit (range 5) 1678 | -10/Mines | Discovered new exit (range 10) 1722 | -10/Mines | Excavation squad dispatched 1722 | -10/Mines | A large section of the Mines collapsed 2039 | -10/Mines | Learned Materials stockpile data 2227 | -10/Mines | Core integrity fell below 50% 2242 | -10/Mines | Received a Rocket Launcher from a helpful Derelict 2360 | -10/Mines | Discovered new exit (range 5) 2528 | -10/Mines | Met a Derelict who couldn't figure out how to use a Trap Extractor 2932 | -10/Mines | Entered Exiles 2933 | -10/Exiles | Identified exit to Mines 2999 | -10/Exiles | Welcomed by 8R-AWN 3039 | -10/Exiles | Met EX-HEX 3247 | -10/Exiles | Met EX-DEC 3275 | -10/Exiles | Learned location of Zion (-7) 3353 | -10/Exiles | Entered Mines 3464 | -9/Mines | Learned Materials garrison access intel 3485 | -9/Mines | Discovered new exit (range 15) 3759 | -9/Mines | Build established: Scavenger-Mutant 3904 | -9/Mines | Discovered new exit (range 8) 4093 | -9/Mines | Found a damaged Exp. Sensor Array with a note attached 4097 | -9/Mines | Found Prototype Device 4243 | -9/Mines | Received a Mining Laser from a helpful Derelict 4449 | -9/Mines | Entered Materials 4449 | -8/Materials | Accompanied by 1 ally 4449 | -8/Materials | Evolved 4 slots: Propulsion x1, Utility x1, Weapon x2 4451 | -8/Materials | Loaded intel: 1 garrison access location 4492 | -8/Materials | Garrison activated, responded to threat 4754 | -8/Materials | Build established: Scavenger-Gunner 4819 | -8/Materials | Discovered new exit (range 10) 5079 | -8/Materials | Build established: Gunner 5224 | -8/Materials | Identified exit to Garrison 5224 | -8/Materials | Entered Garrison 5272 | -8/Garrison | Triggered checkpoint 5315 | -8/Garrison | Garrison Relay disabled 5453 | -8/Garrison | Triggered checkpoint 5540 | -8/Garrison | Destroyed 10 combat bots 5620 | -8/Garrison | Discovered new exit (range 12) 5672 | -8/Garrison | Triggered checkpoint 5726 | -8/Garrison | Triggered checkpoint 5734 | -8/Garrison | Garrison Relay disabled 6078 | -8/Garrison | Triggered checkpoint 6121 | -8/Garrison | Garrison Relay disabled 6325 | -8/Garrison | Garrison Relay disabled 6470 | -8/Garrison | Phase Generator disabled 6590 | -8/Garrison | Triggered checkpoint 6721 | -8/Garrison | Discovered new exit (range 3) 7033 | -8/Garrison | Discovered new exit (range 69) 7033 | -8/Garrison | Discovered new exit (range 63) 7033 | -8/Garrison | Discovered new exit (range 33) 7066 | -8/Garrison | Garrison Relay disabled 7096 | -8/Garrison | Triggered checkpoint 7160 | -8/Garrison | Lost 6 allies 7567 | -8/Garrison | Entered Factory 7567 | -7/Factory | Evolved 2 slots: Propulsion x1, Utility x1 8117 | -7/Factory | System corruption reached 10% 8189 | -7/Factory | Destroyed 7 combat bots 8192 | -7/Factory | Lost 7 parts (1p1n1u4w) 8420 | -7/Factory | Identified Exp. Sensor Array 8473 | -7/Factory | Specialist reinforcements revealed to be Infiltrators 8588 | -7/Factory | Discovered new exit (range 9) 8611 | -7/Factory | Identified exit to Factory 8634 | -7/Factory | Sucked down chute 8634 | -7/Factory | Entered Waste 8649 | -7/Waste | EMP discharged 8663 | -7/Waste | Spotted C-40 Crusher 8668 | -7/Waste | Spotted C-40 Crusher 8677 | -7/Waste | Spotted C-40 Crusher 8677 | -7/Waste | Spotted C-40 Crusher 8687 | -7/Waste | Spotted C-40 Crusher 8687 | -7/Waste | Crushed by Compactor (1 part destroyed, 1 dropped) 8695 | -7/Waste | Crushed by Compactor (1 part destroyed, 1 dropped) 8716 | -7/Waste | Crushed by Compactor (1 part destroyed, 1 dropped) 8724 | -7/Waste | Spotted C-40 Crusher 8729 | -7/Waste | Crushed by Compactor (1 part destroyed, 1 dropped) 8730 | -7/Waste | Core integrity fell below 50% 8735 | -7/Waste | Discovered new exit (range 16) 8742 | -7/Waste | Build established: Mutant 8749 | -7/Waste | EMP discharged 8749 | -7/Waste | System corruption reached 30% 8760 | -7/Waste | Lost 6 parts (1p2n2u1w) 8761 | -7/Waste | Crushed by Compactor (1 part destroyed) 8780 | -7/Waste | Entered Factory 9157 | -7/Factory | Core integrity fell below 20% 9165 | -7/Factory | Destroyed by G-47 Trooper with Particle Gun Last Messages --------------- 08910_ System corrupted: Matter fused (-10). 08946_ System corrupted: Energy discharge (-31). 08963_ System corrupted: Energy discharge (-30). 09004_ System corrupted: Component data lost. 09023_ System corrupted: Energy discharge (-35). 09039_ System corrupted: Component data lost. 09052_ ALERT: All DSF locations entering lockdown mode. 09054_ System corrupted: Heat flow error (+187). 09054_ Datajack destroyed. 09072_ K-01 Serf cleans the Fabricator. 09075_ System corrupted: Energy discharge (-32). 09084_ Slammed into K-01 Serf. 09094_ System corrupted: Component data lost. 09111_ System corrupted: Matter fused (-8). 09126_ System corrupted: Energy discharge (-28). 09144_ System corrupted: Matter fused (-8). 09164_ ALERT: Potential suspicious activity detected, Programmers report to Factory Zone 4Q. Map ----- +----------------------------------------------------+ | #?????????????????# ????# #??????????? | | #?????????????????# ??# #??????????? | | #?????????????????# # #??????????? | | #?????????????????# + #??????????? | | #?????????????????# # #??????????? | | #?????????????????# ??# #??????????? | | #######???????????# ????# #??????????? | | #???????????# ??????# #??????????? | | #???????????????????# #??????????? | | #???????????????????# #??????????? | | #???????????????????# #??????????? | | #???????????????????# #??????????? | | #######???????????????????# #??????????? | | ####???????????????"??????# #??????????? | | """???????????????"""????# #??????????? | | """?? ????????????"""" ??# #??????????? | | """ #???????????"""" # #??????????? | | #???????????"""" + +??????????? | | #???????????"""" # #??????????? | | #?????????# ??# #??????????? | | ########?????????#####???##g ##?????????? | | ?????????????????????????# b #?????????? | | ???????????############### g #?????????? | | ?????????? #?????????? | | ?????????? Y #?????????? | | ?????????? @ #?????????? | | ?????????????############# #?????????? | | ?????????????????????????# #?????????? | | ?????????????????????????### ###?????????? | | ???????????????????????????# #???????????? | | ???????????????????????????+ ??????????? | | ???????????????????????????# ?????????? | | ???????????????????????????# ????????? | | ???????????????????????????# #??????? | | ???????????????????????????? #??????? | | ???????????????????????????? +??????? | | ????????????????????????????#########??????? | | ???????????????????????????????????????????? | | ???????????????????????????????????????????? | | ???????????????????????????????????????????? | | ???????????????????????????????????????????? | | ???????????????????????????????????????????? | | ???????????????????????????????????????????? | | ???????????????????????????????????????????? | | ???????????????????????????????????????????? | | | | | | | | | | | +----------------------------------------------------+ Best States ------------- Heat Dissipation 62 Energy Generation 16 Energy Capacity 290 Matter Stores 300 Matter Capacity 300 Sight Range 16 Terrain Scan Density 10 Armor Coverage 225 Evasion (%) 55 Targeting Accuracy 6 Recoil Reduction 4 Offensive Hacking 10 Defensive Hacking 10 Item Schematics ----------------- Huge Storage Unit | -10/Materials | Hacked Hcp. Storage Unit | -8/Materials | Hacked Robot Schematics ------------------ None Fabricated ------------ Nothing Repaired ---------- Nothing Studied --------- None Alien Tech Used ----------------- None Achievements -------------- Follow The Leader Challenges ------------ None Game ------ Seed ScrapAlloyMultirail Manual? 0 Play Time 00:41:15 Cumulative 419.1 hours Start 2026.01.28 @ 11:29:06 End 2026.01.28 @ 12:20:44 Sessions 1 Manual Loads 0 Difficulty Rogue Special Mode None Game No. 275 Rogue 275 Adventurer 0 Explorer 0 Win Type - Total 27 Types 10/0/8/1/1/0/3/2/1/1 Lore% 84 Gallery% 80 Achievement% 72 Wizard Run 0 Options --------- Layout 1 ASCII 0 Keyboard 0 Movement Mouse Keybinds 0 Fullscreen 2 Font 24/Smallcaps Map View 50x35 Zoom Use 0% Tactical HUD 1 Map Filters NONE Filters NONE Steam 1 RUN: 6f5ac6a8-e7ae-44c5-a3d2-e2a92bf46fe1